 Dungeon Crawl Stone Soup version 0.20.1-1-g8b1a95d (webtiles) character file.

155 Liatris the Slasher (level 5, -10/38 HPs)
             Began as a Demonspawn Gladiator on Aug 10, 2017.
             Was a Believer of Jiyva.
             Killed from afar by polve's ghost (14 damage)
             ... with a flame tongue
             ... on level 4 of the Dungeon.
             The game lasted 00:17:45 (2861 turns).

Liatris the Slasher (Demonspawn Gladiator)          Turns: 2861, Time: 00:17:45

Health: -10/38     AC: 10    Str: 15    XL:     5   Next: 14%
Magic:  0/5        EV:  7    Int:  9    God:    Jiyva [**....]
Gold:   142        SH:  0    Dex: 15    Spells: 4/4 levels left

rFire    . . .     SeeInvis +   a - +0 long sword
rCold    . . .     Gourm    .   (no shield)
rNeg     . . .     Faith    .   p - +0 chain mail
rPois    +         Spirit   +   c - +1 helmet
rElec    .         Reflect  .   (no cloak)
rCorr    .         Harm     .   (no gloves)
MR       .....                  (no boots)
Stlth    ..........             l - amulet of guardian spirit
Regen    0.2/turn               h - ring of loudness (curse)
MPRegen  0.1/turn               q - ring of poison resistance

@: no status effects
A: claws 1, fangs 1, see invisible, powered by death 2
a: Request Jelly, Renounce Religion


You were on level 4 of the Dungeon.
You worshipped Jiyva.
Jiyva was pleased with you.
You were not hungry.

You visited 1 branch of the dungeon, and saw 4 of its levels.

You collected 142 gold pieces.

Inventory:

Hand Weapons
 a - a +0 long sword (weapon)
 j - a +1 dagger of holy wrath
Missiles
 d - 2 throwing nets (quivered)
Armour
 b - a +0 leather armour
 c - a +1 helmet (worn)
 p - a +0 chain mail (worn)
Jewellery
 h - a cursed ring of loudness (left claw)
 l - an amulet of guardian spirit (around neck)
 o - an uncursed ring of protection from cold
 q - a ring of poison resistance (right claw)
Wands
 i - a wand of lightning (1/15)
Scrolls
 n - a scroll of teleportation
Potions
 e - a potion of brilliance
 m - 2 potions of curing
 r - a potion of cancellation {unknown}
Comestibles
 f - 2 bread rations
 g - 4 fruits
 k - a meat ration


   Skills:
 + Level 2.2 Fighting
 + Level 4.2 Long Blades
 + Level 2.0 Throwing
 + Level 1.5 Armour
 + Level 3.3 Dodging
 + Level 0.2 Stealth


You had 4 spell levels left.
You didn't know any spells.

Dungeon Overview and Level Annotations

Branches:
Dungeon (4/15)
 Temple: D:4-7

Altars:
Zin
Jiyva

Annotations:
D:4 Pikel; polve's ghost, novice GrFE


Innate Abilities, Weirdness & Mutations

You have sharp fingernails.
You regenerate health from kills.
You have very sharp teeth.
You have supernaturally acute eyesight. (SInv)


Message History

Aiming: Lightning Bolt (will waste charges)
Press: ? - help, Shift-Dir - straight line, f/p - polve's ghost
Aim: polve's ghost (severely damaged)
You hear a mighty clap of thunder!
The bolt of lightning hits polve's ghost.
Polve's ghost resists.
Polve's ghost is almost destroyed.
Evoking this partially-identified wand wasted a few charges.
Polve's ghost gestures at you while chanting.
The flame tongue misses you.
Evoke which item? (* to show all) (? for menu, Esc to quit)
Aiming: Lightning Bolt (will waste charges)
Press: ? - help, Shift-Dir - straight line, f/p - polve's ghost
Aim: polve's ghost (almost destroyed)
You hear a mighty clap of thunder!
The bolt of lightning misses polve's ghost.
Evoking this partially-identified wand wasted a few charges.
Polve's ghost gestures at you while chanting.
The flame tongue hits you!
You die...

#.# ##.######
#######.# #.#
#...)...# #†#
#.#####.#
#.####### #.# #.#
######.......#
#.# #.##
#............#
#.# #..#
#.############
#.# ##.# ######
#.# #@# ......
#.# #W##...#..
#.# ##.......K.
#.# #...#...#..
#.# #<.........
#.#####...#######
#.##....J....##
#.##...........
#.##..J......#.


You could see polve's ghost and a neutral jelly (fellow slime).

Vanquished Creatures
  An orc wizard (D:4)
  A worker ant (D:4)
  3 adders
  2 worms (D:2)
  A dart slug (D:1)
  2 leopard geckos
  2 orcs (D:4)
  A ball python (D:2)
  9 bats
  4 goblins
  7 hobgoblins
  8 jackals (D:2)
  10 kobolds
  9 frilled lizards
  7 rats
67 creatures vanquished.

Vanquished Creatures (others)
  Sigmund (D:4)
  A scorpion (D:4)
  2 jellies (D:4)
  A centaur skeleton (D:4)
  A worm (D:4)
  A dart slug (D:4)
  A leopard gecko (D:3)
  A goblin (D:3)
  A kobold (D:3)
  A rat (D:3)
11 creatures vanquished.

Grand Total: 78 creatures vanquished

Notes
Turn   | Place    | Note
-------+----------+-------------------------------------------
     0 | D:1      | Liatris the Demonspawn Gladiator began the quest for the Orb.
     0 | D:1      | Reached XP level 1. HP: 16/16 MP: 1/1
   233 | D:1      | Gained mutation: You regenerate a little health from kills. [demonic ancestry]
   233 | D:1      | Reached XP level 2. HP: 21/22 MP: 2/2
   716 | D:1      | Reached skill level 3 in Long Blades
   847 | D:1      | Gained mutation: You have supernaturally acute eyesight. (SInv) [potion of mutation]
   847 | D:1      | Gained mutation: You have very sharp teeth. [potion of mutation]
  1297 | D:2      | Gained mutation: You regenerate health from kills. [demonic ancestry]
  1297 | D:2      | Reached XP level 3. HP: 20/27 MP: 3/3
  1858 | D:2      | Reached XP level 4. HP: 29/33 MP: 4/4
  2182 | D:2      | Found a faded altar of an unknown god.
  2217 | D:2      | Became a worshipper of Jiyva Jauhor the Shapeless
  2217 | D:2      | Reached * piety under Jiyva
  2379 | D:3      | Reached ** piety under Jiyva
  2389 | D:3      | Found a glowing silver altar of Zin.
  2558 | D:4      | Reached skill level 1 in Armour
  2567 | D:4      | Reached skill level 4 in Long Blades
  2695 | D:4      | Gained mutation: You have sharp fingernails. [demonic ancestry]
  2695 | D:4      | Reached XP level 5. HP: 28/38 MP: 5/5
  2823 | D:4      | Killed Sigmund
  2831 | D:4      | Noticed polve's ghost (novice GrFE)
  2832 | D:4      | Noticed Pikel
  2861 | D:4      | Killed from afar by polve's ghost

Skill      XL: |  1  2  3  4 |
---------------+-------------+-----
Throwing       | 2 |  2.0
Dodging        | 3 |  3.3
Long Blades    | 3 4 |  4.2
Armour         | 1 |  1.5
Fighting       | |  2.2
Stealth        | |  0.2

Action                   |  1- 3 |  4- 6 || total
-------------------------+-------+-------++-------
Melee: Long sword        |   159 |    89 ||   248
       Bite              |    13 |    15 ||    28
Throw: Throwing net      |     2 |       ||     2
Evoke: Wand              |       |     3 ||     3
  Use: Scroll            |     5 |     2 ||     7
       Potion            |     6 |       ||     6
 Stab: Sleeping          |     1 |       ||     1
       Held in net/web   |     1 |       ||     1
  Eat: Royal jelly       |     1 |       ||     1
       Bread ration      |     1 |       ||     1
Armor: Leather armour    |    38 |    16 ||    54
       Chain mail        |       |    20 ||    20
Dodge: Dodged            |   120 |    52 ||   172
       Rpst.: Long sword |    32 |    15 ||    47
